 Dungeon Crawl Stone Soup version 0.27.1-33-g824d729ab1 (webtiles) character file.

Game seed: 10331632873487283658

485 pkoi the Insei (level 6, -1/51 HPs)
             Began as a Draconian Monk on Nov 24, 2021.
             Slain by a centaur (4 damage)
             ... on level 4 of the Dungeon.
             The game lasted 00:06:11 (4191 turns).

pkoi the Insei (Draconian Monk)                     Turns: 4191, Time: 00:06:11

Health: -1/51      AC:  6    Str: 13    XL:     6   Next: 88%
Magic:  6/6        EV: 12    Int: 12    God:
Gold:   164        SH:  0    Dex: 14    Spells: 5/5 levels left

rFire    . . .     SeeInvis .     - Unarmed
rCold    . . .     Faith    .   (no shield)
rNeg     . . .     Spirit   .   (armour unavailable)
rPois    .         Reflect  .   (helmet restricted)
rElec    .         Harm     .   (no cloak)
rCorr    .         Rampage  .   (no gloves)
Will     .....                  (no boots)
Stlth    ++........             (no amulet)
HPRegen  0.17/turn              (no ring)
MPRegen  0.10/turn              (no ring)

@: no status effects
A: AC +6, unfitting armour, cold-blooded
a: no special abilities


You were on level 4 of the Dungeon.
You visited 1 branch of the dungeon, and saw 4 of its levels.

You collected 164 gold pieces.

Inventory:

Armour
 g - a +2 hat
Jewellery
 d - a ring of ice
 p - a ring of poison resistance
Scrolls
 b - a scroll of enchant armour
 c - 2 scrolls of identify
 k - 2 scrolls of teleportation
Potions
 a - a potion of heal wounds
 e - 2 potions of magic {unknown}
 f - 4 potions of haste {unknown}
 h - 3 potions of curing {unknown}
 i - a potion of invisibility
 j - a potion of degeneration {unknown}
 m - 2 potions of resistance
 o - a potion of ambrosia {unknown}


   Skills:
 - Level 3.2 Fighting
 - Level 2.6 Dodging
 - Level 1.7 Stealth
 + Level 7.9 Unarmed Combat


You had 5 spell levels left.
You didn't know any spells.
Your spell library contained the following spells:

 Spells                   Type           Power      Damage    Failure   Level
 Sublimation of Blood     Necr           0%         N/A       45%         2
 Wereblood                Tmut           0%         N/A       45%         2
 Summon Hydra             Summ           0%         N/A       100%        7


Dungeon Overview and Level Annotations

Branches:
Dungeon (4/15)
 Temple: D:4-7

Altars:
Cheibriados
Elyvilon
Gozag
Hepliaklqana
Qazlal

Shops:
D:2 =


Innate Abilities, Weirdness & Mutations

Your plain brown scales are hard. (AC +6)
You cannot fit into any form of body armour.
You are cold-blooded and may be slowed by cold attacks.


Message History

The worm bites you but does no damage.
Unknown command.
You hit the worm. You tail-slap the worm.
You kill the worm!
You start resting.
A jackal comes into view.
A jackal is nearby!
A jackal is nearby!
A jackal is nearby!
You start resting.
A centaur comes into view.
A centaur is nearby!
The centaur shouts!
The centaur wields a +0 shortbow.
The centaur shoots an arrow.
The arrow hits you.
The centaur shoots an arrow.
The arrow hits you!
The centaur shoots an arrow.
The arrow misses you.
You are too injured to fight recklessly!
The centaur shoots an arrow.
The arrow hits you!
* * * LOW HITPOINT WARNING * * *
The centaur shoots an arrow.
The arrow hits you!
* * * LOW HITPOINT WARNING * * *
The centaur unwields a +0 shortbow.
The centaur hits you.
* * * LOW HITPOINT WARNING * * *
The centaur kicks you.
* * * LOW HITPOINT WARNING * * *
You completely miss the centaur. The centaur barely misses you.
The centaur kicks you.
* * * LOW HITPOINT WARNING * * *
You hit the centaur but do no damage. The centaur hits you.
* * * LOW HITPOINT WARNING * * *
The centaur closely misses you. The centaur barely misses you.
The centaur kicks you.
* * * LOW HITPOINT WARNING * * *
You closely miss the centaur. The centaur barely misses you.
The centaur kicks you but does no damage.
You completely miss the centaur. You punch the centaur.
The centaur is lightly wounded.
The centaur hits you.
You die...

..........#..#.
...#...............###...
.#.#..........##### #...
..............# ###..
#.#........... .....
#............ ...##.. ...
#..........## .####.. ...
##8..c8..#..## .##....
....
#...8@...#.#.#.......#
...#..........#... ......
..#............####.....
#.#............#.#....#
#.#.#........##.......##
#.#.#)#.......# #.....#.
#.##.##.#.....## #..#....
.# # ##.#....#####.##....
##.#...#.##..###...


You could see a centaur.

Vanquished Creatures
  A black bear (D:3)
  2 ogres (D:4)
  A scorpion (D:3)
  A hound (D:4)
  7 adders
  2 worms
  3 dart slugs
  3 orcs
  8 bats
  3 endoplasms
  A giant cockroach (D:2)
  10 goblins
  8 hobgoblins
  6 kobolds
  5 ball pythons
  4 frilled lizards
  7 rats
72 creatures vanquished.

Notes
Turn   | Place    | Note
-------+----------+-------------------------------------------
     0 | D:1      | pkoi the Draconian Monk began the quest for the Orb.
     0 | D:1      | Reached XP level 1. HP: 19/19 MP: 1/1
    72 | D:1      | Reached XP level 2. HP: 16/26 MP: 2/2
   190 | D:1      | Found a faded altar of an unknown god.
   389 | D:1      | Reached skill level 4 in Unarmed Combat
   709 | D:2      | Reached XP level 3. HP: 20/31 MP: 3/3
  1074 | D:2      | Found Nonec's Jewellery Shop.
  1114 | D:2      | Reached XP level 4. HP: 38/38 MP: 4/4
  1151 | D:2      | Reached skill level 5 in Unarmed Combat
  2152 | D:3      | Found a faded altar of an unknown god.
  2154 | D:3      | Found a hazy altar of Hepliaklqana.
  2744 | D:4      | Noticed an ogre
  2759 | D:4      | Noticed a black bear
  2999 | D:4      | Noticed an ogre
  3011 | D:3      | Reached XP level 5. HP: 34/45 MP: 5/5
  3017 | D:3      | Killed a black bear
  3018 | D:3      | Reached skill level 6 in Unarmed Combat
  3191 | D:4      | Found a snail-covered altar of Cheibriados.
  3192 | D:4      | Found an opulent altar of Gozag.
  3193 | D:4      | Found a white marble altar of Elyvilon.
  3194 | D:4      | Found a stormy altar of Qazlal.
  3263 | D:4      | Noticed an ogre
  3286 | D:3      | Reached XP level 6. HP: 20/51 MP: 6/6
  3622 | D:3      | Reached skill level 7 in Unarmed Combat
  4191 | D:4      | Slain by a centaur

Illustrated notes

Levels and vault maps discovered:
D:1:      wander_arrival_estate, layout_basic, ebering_ecumenical_altar_webs,
          kennysheep_minor_cross, minivault_4, minmay_hedge_maze
D:2:      layout_rooms, serial_shops, nicolae_diamond_shop
D:3:      layout_loops_corners, beargit_hepliaklqana_dungeon_heroes
D:4:      wad_pebble_path, layout_cave_pools, mainiacjoe_overflow_alcove_3

Skill      XL: |  1  2  3  4  5  6 |
---------------+-------------------+-----
Unarmed Combat | 4 5 6 7 |  7.9
Fighting       | |  3.2
Dodging        | |  2.6
Stealth        | |  1.7

Action                   |  1- 3 |  4- 6 || total
-------------------------+-------+-------++-------
Melee: Unarmed           |   109 |   172 ||   281
       Tailslap          |    13 |    26 ||    39
       Punch             |     1 |     5 ||     6
  Use: Potion            |     1 |       ||     1
       Scroll            |       |     7 ||     7
 Stab: Sleeping          |     4 |     6 ||    10
Armor: Skin              |    37 |    43 ||    80
Dodge: Dodged            |    77 |   133 ||   210
